 Dungeon Crawl Stone Soup version 0.18-a0-750-g37044d6 (webtiles) character file.

325 tof the Covert (level 6, -4/44 HPs)
             Began as a Vampire Assassin on Dec 12, 2015.
             Slain by a gnoll
             ... wielding a +0 halberd
              (9 damage)
             ... on level 3 of the Dungeon.
             The game lasted 00:17:16 (3131 turns).

tof the Covert (Vampire Assassin)                   Turns: 3131, Time: 00:17:16

Health: -4/44      AC:  5    Str: 10    XL:     6   Next: 24%
Magic:  6/6        EV: 13    Int: 13    God:
Gold:   163        SH:  0    Dex: 18    Spells: 0 memorised, 5 levels left

rFire  . . .     SeeInvis +     a - +2 dagger
rCold  . . .     Clarity  .     c - +1 robe
rNeg   + . .     SustAt   .     (no shield)
rPois  .         Gourm    .     (no helmet)
rElec  .         Spirit   .     d - +0 cloak
rCorr  .         Dismiss  .     l - +0 pair of gloves
rMut   .         Stasis   .     (no boots)
MR     .....                    (no amulet)
Stlth  +++++.....               (no ring)
                                (no ring)

@: slowed, very slow, not resistant to hostile enchantments, quite stealthy
A: fangs 3, see invisible, unbreathing
a: Bat Form


You were on level 3 of the Dungeon.
You were not thirsty.

You visited 1 branch of the dungeon, and saw 3 of its levels.

You collected 163 gold pieces.

Inventory:

Hand Weapons
 a - a +2 dagger (weapon)
 b - a +1 blowgun
Missiles
 e - 25 poisoned needles
 f - 2 curare-tipped needles
 h - 18 arrows
 i - 26 bolts
Armour
 c - a +1 robe (worn)
 d - a +0 cloak (worn)
 l - a +0 pair of gloves (worn)
Scrolls
 j - a scroll of blinking
 k - 4 scrolls of identify
 m - a scroll of recharging
Potions
 g - 20 potions of blood


   Skills:
 + Level 2.0 Fighting
 + Level 2.8 Short Blades
 + Level 2.3 Throwing
 + Level 2.8 Dodging
 * Level 9.8 Stealth


You had 5 spell levels left.
You didn't know any spells.

Dungeon Overview and Level Annotations

Branches:
Dungeon (3/15)

Altars:
Cheibriados
Gozag
Zin


Innate Abilities, Weirdness & Mutations

You have razor-sharp teeth.
You have supernaturally acute eyesight.
You can survive without breathing.


Message History

The hobgoblin zaps a wand.
You resist with some effort. The orc hits you but does no damage.
The hobgoblin zaps a wand.
You resist with some effort. The gnoll hits you but does no damage.
There is an open door here.
The orc hits you but does no damage.
You barely miss the orc. The gnoll misses you. The orc barely misses you.
You hit the orc.
The orc is heavily wounded.
The gnoll hits you from afar with a halberd.
The orc closely misses you.
You hit the orc but do no damage.
The orc is heavily wounded.
The gnoll closely misses you. The orc hits you with a hand axe.
You hit the orc.
You kill the orc!
The gnoll hits you from afar with a halberd!
* * * LOW HITPOINT WARNING * * *
The gnoll hits you from afar with a halberd!
You die...

............)...#######.....#
#####...........# #.....#
##...####......# #.....#
#).### ######## ##..### #)##
####..## #.# ####....## #.#
#######....#### #.#
##.......#### #.#
###..####@## #.#
###...#.###g### #<#
#.......#[.gg.# #.#
#...###.#.....# #.# #..##
#.#.._..# #.###..# #.#...$.#
##.....## ######### ....#..#
#...## .#.#..## ###..##


You could see 2 gnolls and a hobgoblin.

Vanquished Creatures
  Grinder (D:3)
  3 gnolls (D:2)
  2 adders (D:2)
  An ooze (D:1)
  4 worms (D:2)
  A giant gecko (D:1)
  7 orcs (D:3)
  4 giant cockroaches
  5 goblins
  9 hobgoblins
  7 jackals
  5 kobolds
  2 quokkas (D:2)
  A ball python (D:1)
  11 bats
  5 giant newts
  6 rats
74 creatures vanquished.

Notes
Turn   | Place    | Note
--------------------------------------------------------------
     0 | D:1      | tof the Vampire Assassin began the quest for the Orb.
     0 | D:1      | Reached XP level 1. HP: 16/16 MP: 1/1
    94 | D:1      | Reached skill level 6 in Stealth
   164 | D:1      | Reached XP level 2. HP: 15/22 MP: 2/2
   731 | D:1      | Reached XP level 3. HP: 27/27 MP: 3/3
  1094 | D:2      | Reached skill level 7 in Stealth
  1710 | D:2      | Reached XP level 4. HP: 33/33 MP: 4/4
  1922 | D:2      | Reached skill level 8 in Stealth
  2287 | D:2      | Found an opulent altar of Gozag.
  2586 | D:3      | Noticed Grinder
  2590 | D:3      | Killed Grinder
  2590 | D:3      | Reached skill level 9 in Stealth
  2590 | D:3      | Reached XP level 5. HP: 38/38 MP: 5/5
  2590 | D:3      | Reached XP level 6. HP: 44/44 MP: 6/6
  2976 | D:3      | Found a glowing silver altar of Zin.
  3117 | D:3      | Found a snail-covered altar of Cheibriados.
  3131 | D:3      | Slain by a gnoll

Vault maps used:
D:1:      onia_arrival_mini_maze
D:2:      nicolae_gozag_seed_capital, first_bread
D:3:      nicolae_overflow_hidden_temple, cheibriados_altar_wand_db,
          uniq_grinder

Action                   |  1- 3 |  4- 6 || total
-------------------------+-------+-------++-------
Melee: Dagger            |   114 |    91 ||   205
 Fire: Blowgun           |    29 |    15 ||    44
  Use: Scroll            |     5 |     1 ||     6
       Potion            |     4 |    10 ||    14
 Stab: Sleeping          |    14 |    11 ||    25
       Distracted        |     2 |     1 ||     3
